 Dungeon Sprint DCSS version 0.15-a0-2327-gc7140f0 (webtiles) character file.

44 runewalsh the Covert (level 3, 0/21 HPs)
             Began as an Octopode Wizard on July 30, 2014.
             Slain by a wolf (7 damage)
             ... in the Dungeon (Sprint III: "The Ten Rune Challenge").
             The game lasted 00:01:49 (508 turns).

runewalsh the Covert (Octopode Wizard)               Turns: 508, Time: 00:01:49

HP   0/21        AC  1     Str  6      XL: 3   Next: 62%
MP   2/7         EV 12     Int 21      God:
Gold 15          SH  0     Dex 10      Spells:  4 memorised,  0 levels left

rFire  . . .     SeeInvis .     w - +0 club
rCold  . . .     Clarity  .     (no shield)
rNeg   . . .     rCorr    .     b - +0 hat
rPois  .         rRot     .     (no amulet)
rElec  .         Spirit   .     (no ring)
SustAb .         Warding  .     (no ring)
rMut   .         NoTele   +     (no ring)
Gourm  .                        (no ring)
MR     .....                    (no ring)
                                (no ring)
                                (no ring)
                                (no ring)

@: very slightly contaminated, not resistant to hostile enchantments, quite
stealthy
A: almost no armour, amphibious, 8 rings, constrict 8, camouflage 1, gelatinous
body 1
a: no special abilities


You were in the Dungeon.
You were not hungry.

You visited 1 branch You collected 15 gold pieces.

Inventory:

Hand weapons
 w - a +0 club (weapon)
Armour
 b - a +0 hat (worn)
Comestibles
 a - 2 chunks of human flesh
 d - a bread ration
Scrolls
 j - a scroll of blinking
 l - a scroll of remove curse {unknown}
Potions
 e - a potion of curing
 g - a potion of haste
 h - a potion of magic
 i - a potion of berserk rage
Books
 c - a book of Minor Magic

   Spells                             Type                      Level
   *Magic Dart                        Conjuration                  1
   *Blink                             Translocation                2
   *Call Imp                          Summoning                    2
   Repel Missiles                     Charms/Air                   2
   Slow                               Hexes                        2
   Conjure Flame                      Conjuration/Fire             3
   *Mephitic Cloud                    Conjuration/Poison/Air       3


   Skills:
 - Level 2.0 Dodging
 * Level 8.5 Stealth
 - Level 3.0 Spellcasting
 + Level 3.8 Conjurations
 - Level 1.0 Summonings
 - Level 1.0 Translocations


You couldn't memorise any spells.
You knew the following spells:

 Your Spells              Type           Power        Failure   Level  Hunger
a - Magic Dart            Conj           ###.         2%          1    None
b - Call Imp              Summ           #.......     14%         2    ##.....
c - Blink                 Tloc           N/A          14%         2    ##.....
d - Mephitic Cloud        Conj/Pois/Air  #.......     24%         3    ###....


Dungeon Overview and Level Annotations

Branches:
Dungeon (1/1)

Altars:


Innate Abilities, Weirdness & Mutations

You cannot wear most types of armour.
You are amphibious.
You can wear up to eight rings at the same time.
You can use your tentacles to constrict many enemies at once.
Your skin changes colour to match your surroundings (Stealth).
Your rubbery body absorbs attacks (AC +1).


Message History

Unknown command.
The wolf is engulfed in noxious fumes. x2
Unknown command.
You feel less confused.
The wolf is engulfed in noxious fumes.
The wolf appears confused.
Casting: Mephitic Cloud
Confirm with . or Enter, or press ? or * to list all spells.
Aiming: Mephitic Cloud
Press: ? - help, Shift-Dir - straight line, f/p - wolf
Aim: a wolf (moderately wounded, bewildered and confused)
The beam explodes into a vile cloud!
The stinking cloud engulfs the wolf.
The wolf is moderately wounded.
The wolf is engulfed in noxious fumes.
The wolf appears confused.
The wolf is engulfed in noxious fumes.
The wolf appears confused.
Unknown command.
The wolf is engulfed in noxious fumes.
The wolf appears confused.
The wolf is engulfed in noxious fumes.
The wolf appears confused.
The wolf is engulfed in noxious fumes.
The wolf appears confused.
The wolf bites you!
You die...

▓<..#...#### #
▓...#.[....## ..#
▓..##.......# ..#
▓##.##.##...# ..#
##.##.###..# +#..#
▓#.####.##..# #...+
▓.###..##..####...#
▓#.....##..###....#
###..##...##..@..#
##%.##....#...h..#
#..###..##.#..§..#
#..# #..#####§§..#
▓▓▓▓ ▓▓▓▓ ▓▓▓▓▓▓


You could see a wolf (confused).

Vanquished Creatures
  A human (D)
  Jessica (D)
  A giant mite (D)
  2 rats (D)
5 creatures vanquished.

Vanquished Creatures (others)
  2 draconian scorchers (D)
2 creatures vanquished.

Grand Total: 7 creatures vanquished

Notes
Turn   | Place    | Note
--------------------------------------------------------------
     0 | D        | runewalsh, the Octopode Wizard, began the quest for the Orb.
     0 | D        | Reached XP level 1. HP: 11/11 MP: 4/4
    30 | D        | Noticed Jessica
    36 | D        | Killed Jessica
    36 | D        | Reached skill level 6 in Stealth
    36 | D        | Reached XP level 2. HP: 9/17 MP: 0/6
   198 | D        | Learned a level 2 spell: Call Imp
   201 | D        | Learned a level 2 spell: Blink
   213 | D        | Reached skill level 7 in Stealth
   213 | D        | Reached XP level 3. HP: 17/21 MP: 0/7
   317 | D        | Killed a white draconian scorcher
   394 | D        | Learned a level 3 spell: Mephitic Cloud
   396 | D        | Noticed a wolf
   434 | D        | Reached skill level 8 in Stealth
   442 | D        | Killed a white draconian scorcher
   508 | D        | Slain by a wolf

Action                   || total
-------------------------++-------
Melee: Unarmed           ||    11
       Club              ||    10
 Cast: Magic Dart        ||    12
       Mephitic Cloud    ||     3
  Use: Potion            ||     2
 Stab: Sleeping          ||     1
       Confused          ||     3
